 Dungeon Crawl Stone Soup version 0.20-a0-949-g916514f (webtiles) character file.

4 M4edhros the Charlatan (level 1, -1/13 HPs)
             Began as an Octopode Artificer on Apr 4, 2017.
             Slain by a worker ant (7 damage)
             ... on level 4 of the Dungeon.
             The game lasted 00:00:42 (351 turns).

M4edhros the Charlatan (Octopode Artificer)          Turns: 351, Time: 00:00:42

Health: -1/13      AC:  1    Str: 11    XL:     1   Next: 70%
Magic:  3/3        EV: 13    Int: 13    God:
Gold:   15         SH:  0    Dex: 12    Spells: 0/0 levels left

rFire    . . .     SeeInvis .   a - +0 short sword
rCold    . . .     Gourm    .   (no shield)
rNeg     . . .     Faith    .   (helmet restricted)
rPois    .         Spirit   .   (no amulet)
rElec    .         Reflect  .   (no ring)
rCorr    .         Harm     .   (no ring)
MR       .....                  (no ring)
Stlth    +++.......             (no ring)
Regen    0.1/turn               (no ring)
MPRegen  0.1/turn               (no ring)
                                (no ring)
                                (no ring)

@: lethally poisoned (-1 -> -13)
A: almost no armour, stealthy swim, amphibious, 8 rings, constrict 8, camouflage
1, gelatinous body 1
a: no special abilities


You were on level 4 of the Dungeon.
You were not hungry.

You visited 1 branch of the dungeon, and saw 4 of its levels.

You collected 15 gold pieces.

Inventory:

Hand Weapons
 a - a +0 short sword (weapon)
Missiles
 j - 23 sling bullets
Wands
 b - a wand of flame (15/48)
 c - a wand of enslavement (15/24)
 d - a wand of random effects (15/48)
Scrolls
 e - a scroll of identify {unknown}
 i - a scroll of enchant armour {unknown}
 l - a scroll of blinking {unknown}
Potions
 g - 2 potions of resistance {unknown}
 h - a potion of haste {unknown}
Books
 k - a book of Misfortune

   Spells                             Type                      Level
   a - Confusing Touch                Hexes                        1
   b - Confuse                        Hexes                        3
   c - Gell's Gravitas                Translocation                3
   d - Petrify                        Transmutation/Earth          4
   e - Metabolic Englaciation         Hexes/Ice                    5
   f - Yara's Violent Unravelling     Hexes/Transmutation          5
Comestibles
 f - a bread ration


   Skills:
 - Level 1.0 Fighting
 - Level 1.0 Short Blades
 - Level 2.0 Dodging
 + Level 2.5 Stealth
 - Level 3.2 Evocations


You couldn't memorise any spells.
You didn't know any spells.

Dungeon Overview and Level Annotations

Branches:
Dungeon (4/15)
 Temple: D:4-7

Altars:

Annotations:
D:4 Robin; kroki's ghost, amateur MiAE


Innate Abilities, Weirdness & Mutations

You cannot wear most types of armour.
You are very stealthy in the water. (Stealth+)
You are amphibious.
You can wear up to eight rings at the same time.
You can use your tentacles to constrict eight enemies at once.
Your skin changes colour to match your surroundings (Stealth+).
Your rubbery body absorbs attacks. (AC +1, EV +1)


Message History

You see here a leather armour.
Found a pair of boots.
Found a stone staircase leading up.
A worker ant comes into view.
Found a silvery potion.
The helpless worker ant fails to defend itself.
You hit the worker ant. You grab the worker ant.
The worker ant is moderately wounded.
You constrict the worker ant, but do no damage.
The worker ant misses you.
You hit the worker ant but do no damage.
The worker ant is moderately wounded.
You constrict the worker ant. The worker ant bites you.
You are lethally poisoned!
The worker ant poisons you!
You hit the worker ant.
The worker ant is moderately wounded.
You constrict the worker ant.
You feel sick. The worker ant bites you!
Ouch! That really hurt!
You die...

###..###
#.......#
...
#.#######
#.. #.# #.#
#.# #.# #.#
#########.#
#..@......#
##a########
#. #. #. #.
.. ##


You could see a worker ant.

Vanquished Creatures
  An orc (D:3)
  A goblin (D:1)
  2 rats
4 creatures vanquished.

Notes
Turn   | Place    | Note
-------+----------+-------------------------------------------
     0 | D:1      | M4edhros the Octopode Artificer began the quest for the Orb.
     0 | D:1      | Reached XP level 1. HP: 13/13 MP: 3/3
   167 | D:4      | Noticed Robin
   259 | D:4      | Noticed kroki's ghost (amateur MiAE)
   342 | D:4      | Noticed a worker ant
   351 | D:4      | Slain by a worker ant

Vault maps used:
D:1:      ncdulo_wetmaze
D:2:      kennysheep_generic_room_4
D:4:      old_forge, temple_doors_e, roderic_bipointed_swastika,
          minmay_misc_feat_iff, uniq_robin

Skill      XL: |  1 |
---------------+----+-----
Stealth        | 2 |  2.5
Fighting       | |  1.0
Short Blades   | |  1.0
Dodging        | |  2.0
Evocations     | |  3.2

Action                   || total
-------------------------++-------
Melee: Short sword       ||     9
       Constrict         ||     2
 Stab: Sleeping          ||     2
       Distracted        ||     1
Dodge: Dodged            ||     3
